Map: Blackpink LE

Players

Eliwood - Winner!

  • Race: Protoss Protoss
  • League: Diamond
  • Spawn Location: 7:00

Varuna

  • Race: Zerg Zerg
  • League: Diamond
  • Spawn Location: 1:00

VOD

Have the link to the VOD?

Description

Time

  • Played on: Jan. 11, 2018, 10:24 p.m.
  • Length: 25:06
Show
View Real Time Build Order
Export as new Build Order

Eliwood Protoss - Winner!

Build Orders: Oracle Opening, Phoenix Opening 

Get SALT Encoding   

  12  0:01  Probe  
  13  0:13  Probe  
  14  0:20  Pylon  
  14  0:25  Probe  
  15  0:38  Probe (Chrono Boost)  
  15  0:40  Gateway  
  16  0:45  Assimilator  
  16  0:50  Probe (Chrono Boost)  
  17  0:59  Probe (Chrono Boost)  
  18  1:05  Probe  
  19  1:17  Probe  
  20  1:28  Cybernetics Core  
  20  1:30  Gateway  
  20  1:32  Zealot  
  22  1:57  Nexus  
  21  2:06  Shield Battery  
  21  2:07  Warp Gate  
  21  2:13  Assimilator  
  21  2:15  Probe  
  22  2:29  Pylon  
  22  2:47  Adept x2  
  22  2:48  Stargate  
  26  2:56  Probe (Chrono Boost)  
  27  3:08  Probe (Chrono Boost)  
  29  3:14  Probe x2 (Chrono Boost)  
  30  3:22  Probe  
  30  3:24  Gateway  
  33  3:29  Probe (Chrono Boost)  
  34  3:36  Phoenix (Chrono Boost)  
  34  3:39  Probe (Chrono Boost)  
  35  3:47  Probe (Chrono Boost)  
  37  3:49  Pylon, Probe (Chrono Boost)  
  37  3:54  Probe (Chrono Boost)  
  37  3:55  Oracle (Chrono Boost)  
  41  4:03  Probe  
  41  4:05  Probe  
  43  4:11  Twilight Council  
  43  4:15  Probe  
  44  4:18  Probe  
  44  4:20  Adept  
  47  4:28  Probe  
  48  4:34  Adept x2  
  52  4:43  Probe x2  
  52  4:44  Resonating Glaives (Chrono Boost)  
  54  4:46  Pylon  
  54  4:47  Pylon  
  54  5:04  Probe  
  54  5:06  Adept x3  
  61  5:19  Probe  
  62  5:22  Assimilator  
  62  5:24  Assimilator  
  62  5:27  Pylon  
  62  5:31  Probe  
  62  5:34  Probe  
  64  5:47  Probe x2  
  66  5:52  Adept x3  
  66  5:53  Robotics Facility  
  72  6:10  Probe x2  
  74  6:12  Adept  
  74  6:13  Adept  
  74  6:17  Gateway  
  72  6:20  Gateway  
  72  6:21  Gateway  
  68  6:26  Pylon  
  68  6:32  Probe x2  
  68  6:37  Adept x2  
  68  6:38  Adept, Immortal (Chrono Boost)  
  74  6:51  Forge  
  74  6:53  Nexus, Probe x2  
  76  6:55  Pylon  
  76  6:57  Pylon  
  76  7:01  Forge  
  76  7:03  Sentry  
  76  7:04  Sentry  
  80  7:11  Observer  
  81  7:17  Charge (Chrono Boost)  
  81  7:23  Templar Archives  
  81  7:24  Shield Battery  
  81  7:25  Shield Battery, Protoss Ground Weapons Level 1 (Chrono Boost)  
  81  7:30  Probe  
  81  7:31  Probe  
  81  7:32  Zealot x2  
  87  7:43  Probe  
  88  7:45  Zealot x2  
  88  7:46  Zealot  
  88  7:50  Protoss Ground Armor Level 1 (Chrono Boost)  
  94  7:55  Pylon  
  94  7:57  Adept x2, Zealot  
  94  7:58  Psionic Storm  
  100  8:04  Probe x2  
  102  8:12  Photon Cannon  
  102  8:13  Probe  
  102  8:16  Photon Cannon, Probe  
  104  8:31  High Templar x2  
  108  8:34  Probe  
  108  8:37  Assimilator  
  108  8:38  Zealot x3  
  108  8:39  Assimilator  
  108  8:40  Warp Prism  
  117  8:45  Probe x2  
  117  8:47  Probe  
  120  8:57  High Templar  
  122  9:04  Probe  
  123  9:10  High Templar, Gateway  
  123  9:14  Pylon, Gateway  
  123  9:16  Pylon, Protoss Ground Weapons Level 2 (Chrono Boost)  
  125  9:33  Archon  
  125  9:34  High Templar x2  
  125  9:36  Zealot  
  131  9:39  Zealot x2  
  135  9:50  Zealot  
  137  9:56  Gateway  
  135  10:00  Gateway, Protoss Ground Armor Level 2 (Chrono Boost)  
  135  10:03  Gateway  
  135  10:06  Pylon  
  135  10:08  Pylon  
  135  10:14  High Templar x3  
  137  10:18  Pylon  
  141  10:21  Pylon, Archon  
  141  10:26  High Templar  
  141  10:27  Zealot x3  
  141  10:28  Zealot  
  151  10:32  Archon  
  151  10:33  Warp Prism (Chrono Boost)  
  153  10:47  Zealot  
  155  10:54  High Templar x3  
  155  10:55  High Templar, Zealot x3  
  169  10:59  Archon x2  
  169  11:08  Immortal (Chrono Boost)  
  157  11:23  Fleet Beacon  
  157  11:24  Stargate  
  157  11:27  Stalker  
  157  11:28  Stalker  
  157  11:32  Protoss Air Weapons Level 1  
  165  11:40  Immortal (Chrono Boost)  
  165  12:01  Nexus  
  165  12:02  Pylon  
  165  12:04  Carrier (Chrono Boost)  
  165  12:06  Pylon  
  171  12:10  Assimilator  
  171  12:11  Carrier (Chrono Boost)  
  171  12:14  Observer (Chrono Boost), Assimilator  
  172  12:15  Pylon  
  172  12:18  Pylon  
  178  12:29  Pylon  
  178  12:30  Protoss Ground Weapons Level 3 (Chrono Boost)  
  148  12:52  Zealot x2  
  148  12:53  Zealot x7  
  148  12:54  Zealot x2  
  163  13:16  Carrier (Chrono Boost)  
  163  13:22  Carrier (Chrono Boost)  
  163  13:26  Zealot x2  
  163  13:27  Zealot  
  181  13:28  Zealot x3  
  181  13:29  Zealot x2  
  191  13:35  Photon Cannon  
  191  13:38  Photon Cannon  
  191  13:39  Photon Cannon  
  191  13:44  Photon Cannon  
  191  13:47  Shield Battery  
  191  13:58  Graviton Catapult (Chrono Boost)  
  183  14:03  High Templar x2  
  183  14:04  High Templar  
  183  14:05  High Templar  
  189  14:13  Probe (Chrono Boost)  
  190  14:21  Mothership (Chrono Boost)  
  190  14:23  Probe (Chrono Boost)  
  191  14:25  Protoss Air Weapons Level 2 (Chrono Boost)  
  191  14:27  Stargate  
  197  14:43  Warp Prism (Chrono Boost)  
  199  15:03  Protoss Ground Armor Level 3  
  199  15:05  Protoss Shields Level 1  
  199  15:09  Probe  
  200  15:26  Observer  
  198  16:32  Anion Pulse-Crystals, Photon Cannon  
  198  16:34  Photon Cannon  
  198  16:42  Photon Cannon  
  192  17:16  Carrier (Chrono Boost)  
  189  17:35  Photon Cannon  
  189  17:37  Carrier (Chrono Boost)  
  189  17:38  Photon Cannon  
  189  17:39  High Templar, Photon Cannon  
  189  17:40  High Templar  
  189  17:42  Photon Cannon  
  187  18:11  High Templar  
  187  18:12  High Templar  
  191  18:33  Carrier (Chrono Boost)  
  186  18:48  Zealot  
  186  18:54  Photon Cannon  
  188  19:03  Pylon  
  188  19:08  Zealot  
  188  19:16  Pylon, Zealot  
  188  19:18  Pylon  
  184  19:34  Observer (Chrono Boost)  
  183  20:06  Nexus  
  183  20:10  Pylon  
  183  20:11  Observer  
  183  20:12  Pylon  
  176  20:25  Archon  
  176  20:35  Pylon  
  176  20:36  Zealot x3  
  176  20:37  Pylon  
  182  20:51  Warp Prism (Chrono Boost)  
  184  20:57  Pylon  
  184  21:02  Pylon  
  178  21:20  High Templar  
  178  21:21  High Templar x3  
  186  21:33  Carrier x2 (Chrono Boost)  
  186  21:36  Nexus  
  186  21:38  Pylon  
  198  21:40  Pylon, High Templar  
  178  22:02  Archon  
  178  22:03  Archon  
  178  22:10  Pylon  
  178  22:12  Pylon  
  178  22:15  Pylon  
  178  22:18  Pylon, Zealot x2  
  178  22:19  Zealot x2  
  178  22:20  High Templar x2  
  178  22:21  High Templar x2  
  194  22:29  Observer  
  183  23:03  Observer (Chrono Boost)  
  173  23:23  Observer (Chrono Boost)  
  170  23:34  Observer  
  170  23:40  High Templar  
  170  23:41  High Templar x3, Assimilator  
  177  23:42  Zealot x5  
  177  23:43  Assimilator  
  177  23:45  Pylon, Archon x2  
  189  23:56  Observer (Chrono Boost)  
  196  24:11  Observer (Chrono Boost)  
  197  24:28  Warp Prism  
Show
View Real Time Build Order
Export as new Build Order

Varuna Zerg 

Build Orders: Pool First, Lurkers 

Get SALT Encoding   

  12  0:02  Drone  
  13  0:08  Drone  
  14  0:21  Drone, Extractor  
  14  0:27  Overlord  
  15  0:41  Spawning Pool  
  14  0:43  Drone, Extractor  
  14  0:48  Drone  
  15  0:52  Drone  
  16  0:59  Drone  
  17  1:07  Drone  
  18  1:30  Hatchery, Zergling x2  
  18  1:44  Queen  
  20  1:48  Metabolic Boost  
  20  1:57  Zergling x4  
  22  2:04  Overlord  
  22  2:37  Drone  
  22  2:38  Drone x2  
  25  2:45  Drone  
  25  2:46  Hatchery  
  25  2:49  Drone  
  26  2:54  Drone  
  27  3:07  Drone  
  27  3:08  Drone x3  
  27  3:10  Drone  
  32  3:15  Drone  
  33  3:22  Queen  
  33  3:24  Drone  
  36  3:32  Baneling Nest  
  35  3:37  Drone  
  35  3:41  Overlord x2  
  36  3:48  Lair  
  36  4:03  Drone x2  
  36  4:05  Spore Crawler  
  36  4:06  Queen  
  36  4:09  Spore Crawler  
  38  4:18  Drone  
  38  4:19  Drone, Queen  
  42  4:26  Drone x4  
  42  4:30  Extractor  
  45  4:31  Evolution Chamber  
  45  4:34  Evolution Chamber  
  45  4:35  Extractor  
  45  4:36  Extractor  
  45  4:37  Drone x2  
  43  4:38  Drone  
  43  4:39  Drone  
  45  4:48  Drone x3  
  45  4:49  Drone  
  47  5:05  Overlord  
  47  5:10  Overlord x2, Spore Crawler  
  47  5:11  Overlord  
  47  5:14  Zerg Missile Weapons Level 1  
  46  5:22  Hydralisk Den  
  43  5:35  Zergling x2  
  43  5:36  Zergling x22  
  55  5:43  Queen  
  55  5:56  Baneling x5  
  55  5:57  Baneling  
  47  6:24  Muscular Augments  
  45  6:26  Hydralisk  
  45  6:27  Hydralisk  
  48  6:43  Drone x8  
  48  6:44  Drone x8  
  48  6:45  Queen  
  66  6:49  Extractor  
  63  7:01  Overseer  
  63  7:02  Overseer  
  63  7:04  Extractor  
  62  7:12  Hatchery  
  62  7:13  Hydralisk x4  
  69  7:35  Hydralisk  
  69  7:36  Hydralisk  
  73  7:37  Spore Crawler  
  73  7:38  Overlord  
  73  7:39  Overlord x3  
  72  7:47  Pneumatized Carapace  
  72  8:09  Hydralisk x7  
  86  8:14  Zerg Ground Armor Level 1  
  86  8:20  Centrifical Hooks  
  86  8:25  Drone, Queen  
  89  8:30  Lurker Den  
  88  8:41  Drone x6  
  90  8:43  Hydralisk  
  96  8:51  Overlord  
  96  9:13  Drone x11  
  107  9:27  Hydralisk x6  
  107  9:30  Overlord x2  
  119  9:39  Overlord  
  119  9:40  Spine Crawler  
  119  9:42  Zerg Missile Weapons Level 2  
  111  10:21  Lurker  
  111  10:22  Lurker x7  
  119  10:28  Nydus Network  
  118  10:51  Drone  
  117  11:23  Lurker x2  
  117  11:24  Lurker x9  
  128  11:26  Hydralisk x5  
  128  11:28  Overlord x5  
  128  11:29  Overlord  
  128  11:32  Zergling x12  
  144  12:06  Zergling x12  
  144  12:07  Zergling x32  
  166  12:15  Nydus Canal  
  166  12:22  Queen  
  166  12:27  Extractor  
  166  12:28  Hatchery  
  166  12:29  Extractor  
  165  12:31  Infestation Pit  
  165  12:35  Hatchery  
  165  12:36  Extractor  
  162  12:39  Extractor  
  128  12:59  Spire  
  128  13:02  Hydralisk x4  
  128  13:03  Hydralisk x10, Overseer  
  128  13:04  Overseer  
  148  13:29  Hive  
  148  13:34  Drone x12  
  158  13:50  Extractor  
  158  13:51  Spore Crawler, Extractor  
  158  13:52  Spore Crawler  
  153  14:20  Mutalisk  
  153  14:21  Mutalisk x13  
  179  14:36  Spore Crawler x2  
  176  14:38  Spine Crawler  
  176  14:44  Drone x3  
  178  14:46  Spine Crawler  
  178  14:47  Mutalisk  
  178  14:48  Mutalisk x4  
  178  14:52  Overlord x3  
  187  14:53  Overlord  
  187  14:54  Overlord x2  
  187  15:12  Pathogen Glands  
  187  15:13  Adrenal Glands  
  187  15:16  Overseer  
  187  15:18  Zerg Missile Weapons Level 3  
  187  15:21  Drone  
  187  15:22  Drone x6  
  194  15:36  Mutalisk  
  194  15:37  Mutalisk x2  
  200  16:04  Zerg Ground Armor Level 2  
  200  16:06  Ultralisk Cavern  
  199  16:11  Evolution Chamber  
  199  16:12  Neural Parasite  
  198  16:26  Queen  
  194  16:56  Greater Spire  
  194  17:01  Spire  
  179  17:48  Lurker x3  
  179  17:49  Lurker x3  
  173  17:59  Corruptor x12  
  173  18:00  Corruptor x8  
  173  18:01  Corruptor x4  
  182  18:16  Corruptor x7  
  182  18:17  Corruptor  
  142  18:54  Lair  
  134  19:13  Drone x4  
  136  19:28  Drone  
  136  19:29  Drone x6  
  143  19:57  Hatchery  
  133  20:01  Spawning Pool  
  133  20:05  Hatchery  
  131  20:09  Drone  
  131  20:10  Drone x5  
  135  20:37  Hatchery, Extractor  
  135  20:38  Extractor  
  135  20:39  Extractor  
  135  20:40  Extractor  
  130  20:55  Lair  
  130  21:11  Drone  
  130  21:17  Drone  
  130  21:18  Drone x10  
  141  21:21  Queen  
  146  21:30  Hydralisk Den  
  103  22:00  Hydralisk x3  
  103  22:01  Hydralisk x11  
  105  22:18  Hydralisk  
  105  22:19  Hydralisk x13  
  132  22:41  Hydralisk  
  132  22:42  Hydralisk x4  
  103  23:16  Hydralisk  
  103  23:17  Hydralisk x8  
  70  23:44  Hydralisk x7  
Tags
 
Add a new tag
Caveats
  • Supply blocks, unpowered buildings, or Contaminate may cause inaccurate times.
  • Supply counts are checked every 10 seconds.